 Dungeon Crawl Stone Soup version 0.29-a0-1039-gfc20370e89 (webtiles) character file.

Game seed: 7114716353068069197

202 Ajdolov the Grave Robber (level 5, -14/35 HPs)
             Began as a Mummy Necromancer on Aug 15, 2022.
             Demolished by Menkaure (18 damage)
             ... on level 4 of the Dungeon.
             The game lasted 00:05:02 (3497 turns).

Ajdolov the Grave Robber (Mummy Necromancer)        Turns: 3497, Time: 00:05:03

Health: -14/35     AC:  7    Str: 11    XL:     5   Next: 50%
Magic:  6/9        EV: 12    Int: 17    God:
Gold:   214        SH:  0    Dex: 12    Spells: 2/10 levels left

rFire   x . .      SeeInvis +   n - +0 spear
rCold   + . .      Faith    .   (no shield)
rNeg    + + +      Spirit   .   a - +0 robe
rPois   ∞          Reflect  .   h - +0 helmet
rElec   .          Harm     .   (no cloak)
rCorr   .          Rampage  .   (no gloves)
Will    .....                   (no boots)
Stlth   ++........              (no amulet)
HPRegen 0.11/turn               e - ring of see invisible
MPRegen 0.11/turn               m - +4 ring of protection

@: no status effects
A: cold resistance 1, negative energy resistance 3, torment resistance 2, heat
vulnerability 1, in touch with death 1, no potions
a: no special abilities


You were on level 4 of the Dungeon.
You visited 1 branch of the dungeon, and saw 4 of its levels.

You collected 214 gold pieces.

Inventory:

Hand Weapons
 n - a +0 spear (weapon)
Missiles
 l - 3 poisoned darts
Armour
 a - a +0 robe (worn)
 h - a +0 helmet (worn)
Jewellery
 e - a ring of see invisible (left hand)
 m - a +4 ring of protection (right hand)
Scrolls
 b - 8 scrolls of identify {unknown}
 c - 2 scrolls of enchant armour {unknown}
 d - 3 scrolls of teleportation {unknown}
 f - a scroll of magic mapping {unknown}
 i - a scroll of immolation {unknown}
 j - a scroll of blinking {unknown}
 k - a scroll of silence {unknown}


   Skills:
 - Level 1.5 Dodging
 - Level 1.5 Stealth
 + Level 3.2 Spellcasting
 * Level 6.6 Necromancy


You had 2 spell levels left.
You knew the following spells:

 Your Spells              Type           Power      Damage    Failure   Level
a - Necrotise             Necr           100%       1d9       1%          1
b - Animate Dead          Necr           38%        N/A       11%         4
c - Vampiric Draining     Necr           38%        2d8       3%          3

Your spell library contained the following spells:

 Spells                   Type           Power      Damage    Failure   Level
 Agony                    Necr           38%        N/A       30%         5
 Summon Hydra             Summ           1%         N/A       100%        7
 Sublimation of Blood     Necr           Unusable   N/A       N/A         2
 Wereblood                Tmut           Unusable   N/A       N/A         2

Dungeon Overview and Level Annotations

Branches:
Dungeon (4/15)
 Temple: D:4-7

Altars:
Cheibriados
Qazlal

Annotations:
D:4 Menkaure


Innate Abilities, Weirdness & Mutations

You are immune to poison.
Your flesh is cold resistant. (rC+)
You are immune to negative energy. (rN+++)
You are immune to unholy pain and torment.
You are vulnerable to heat. (rF-)
You are in touch with the powers of death.
You do not drink.


Message History

g - Guard the area. f - Follow me.
Anything else - Cancel.
Gang up on whom?
Press: ? - help, Dir - move target, f - Menkaure
Aim: Menkaure (fast, ally target) Attack!
Menkaure hits you!
Your hound zombie bites Menkaure but does no damage.
Your jackal skeleton bites Menkaure.
Unknown command.
Unknown command.
You hit Menkaure.
Menkaure is lightly damaged.
Menkaure closely misses you.
Your hound zombie bites Menkaure but does no damage.
Your jackal skeleton barely misses Menkaure.
Menkaure hits your hound zombie!
Unknown command.
You hit Menkaure.
Menkaure is moderately damaged.
Your hound zombie bites Menkaure but does no damage.
Your jackal skeleton bites Menkaure.
Menkaure misses you.
Your hound zombie bites Menkaure.
Your jackal skeleton bites Menkaure.
You hit Menkaure.
Menkaure is heavily damaged.
Menkaure hits you but does no damage.
Your hound zombie bites Menkaure.
Your jackal skeleton bites Menkaure but does no damage.
Menkaure hits your jackal skeleton!
Your jackal skeleton is destroyed!
Unknown command.
You barely miss Menkaure.
Menkaure is heavily damaged.
Your hound zombie bites Menkaure.
Menkaure hits you!
* * * LOW HITPOINT WARNING * * *
Your hound zombie bites Menkaure.
Unknown command.
You barely miss Menkaure.
Menkaure is severely damaged.
Your jackal skeleton bites Menkaure.
Menkaure hits you!!
Ouch! That really hurt!
You die...

........# ................#
........# ...............Z#
........# ..###########...#
###.....####+#.........#...#
#.....#....#.........###'#
#....#..............
#....#..............
#..MZ#..............
#..@ZZZ.............
######..............
.....############ .......# #
.......+ # .......# #
.......# # ........# #


You could see Menkaure (fast, ally target), a friendly hound zombie and 3
friendly jackal skeletons.

Vanquished Creatures
  2 gnolls (D:4)
  5 adders
  2 worms
  2 dart slugs (D:3)
  2 orcs (D:3)
  8 bats
  2 endoplasms (D:2)
  A giant cockroach (D:2)
  4 goblins (D:3)
  8 hobgoblins
  6 jackals
  3 quokkas
  5 ball pythons
  7 frilled lizards
  9 kobolds
  4 rats
70 creatures vanquished.

Vanquished Creatures (collateral kills)
  A hound (D:4)
  2 gnolls (D:4)
  A ball python (D:4)
  An endoplasm (D:4)
  A goblin (D:3)
  A jackal (D:1)
  A rat (D:2)
8 creatures vanquished.

Grand Total: 78 creatures vanquished

Notes
Turn   | Place    | Note
-------+----------+-------------------------------------------
     0 | D:1      | Ajdolov the Mummy Necromancer began the quest for the Orb.
     0 | D:1      | Reached XP level 1. HP: 13/13 MP: 4/4
   429 | D:1      | Reached XP level 2. HP: 19/19 MP: 2/5
  1023 | D:1      | Found a faded altar of an unknown god.
  1335 | D:2      | Reached skill level 5 in Necromancy
  1335 | D:2      | Gained mutation: You are in touch with the powers of death.
                  | [Mummy growth]
  1335 | D:2      | Reached XP level 3. HP: 24/24 MP: 0/7
  1758 | D:2      | Reached XP level 4. HP: 30/30 MP: 2/8
  1812 | D:2      | Learned a level 4 spell: Animate Dead
  1817 | D:2      | Learned a level 3 spell: Vampiric Draining
  2277 | D:3      | Reached skill level 6 in Necromancy
  2537 | D:3      | Found a stormy altar of Qazlal.
  2985 | D:4      | Noticed a scorpion
  3050 | D:4      | Reached XP level 5. HP: 31/35 MP: 0/9
  3086 | D:4      | Found a snail-covered altar of Cheibriados.
  3428 | D:4      | Noticed Menkaure
  3497 | D:4      | Demolished by Menkaure

Illustrated notes

Levels and vault maps discovered:
D:1:      onia_arrival_mini_spirals, layout_loops_cross,
          shapermc_ecumenical_altar_notcrosses, hangedman_feature_mirror
D:2:      layout_basic, nicolae_kite_square_tiling_tiny, skrybe_limestone_x
D:3:      layout_basic, gammafunk_temple_overflow_elements
D:4:      layout_gridville, mainiacjoe_overflow_concentric_impassable,
          nicolae_concentric_dashed_squares_wild, st_stairs_3, uniq_menkaure

Skill      XL: |  1  2  3  4  5 |
---------------+----------------+-----
Necromancy     | 5 6 |  6.6
Spellcasting   | 3 |  3.2
Dodging        | |  1.5
Stealth        | |  1.5

Action                   |  1- 3 |  4- 6 || total
-------------------------+-------+-------++-------
Melee: Unarmed           |     3 |       ||     3
       Dagger            |     6 |     3 ||     9
       Spear             |       |     5 ||     5
 Cast: Necrotise         |    70 |    59 ||   129
       Animate Dead      |       |     1 ||     1
Armor: Robe              |    11 |     8 ||    19
Dodge: Dodged            |    13 |    21 ||    34

Table legend: (Time is in decaauts)
 A = Elapsed time spent in this place.
 B = Non-inter-level travel time spent in this place.
 C = Inter-level travel time spent in this place.
 D = Time resting spent in this place.
 E = Time spent auto-exploring this place.
 F = Levels seen in this place.
 G = Mean time per level.
                   A        B        C        D        E       F      G
               +--------+--------+--------+--------+--------+-----+--------+
         Total |   3495 |   3387 |    108 |    206 |   2643 |   4 |  873.8 |
       Dungeon |   3495 |   3387 |    108 |    206 |   2643 |   4 |  873.8 |
               +--------+--------+--------+--------+--------+-----+--------+

Top non-repeatable levels by time:
     D:1: 1111 daAuts
     D:3: 984 daAuts
     D:2: 910 daAuts
     D:4: 489 daAuts
